 Dungeon Crawl Stone Soup version 0.31.0-12-g77e489cdc1 (webtiles) character file.

Game seed: 10968885477168747207

7119 NotreDorf the Spear-Bearer (level 11, -1/90 HPs)
             Began as a Merfolk Berserker on Feb 11, 2024.
             Was a High Priest of Trog.
             Slain by an unseen horror (3 damage)
             ... on level 10 of the Dungeon.
             The game lasted 00:32:34 (7934 turns).

NotreDorf the Spear-Bearer (Merfolk Berserker)      Turns: 7934, Time: 00:32:35

Health: -1/90      AC: 14    Str: 20    XL:     11   Next: 10%
Magic:  11/11      EV: 14    Int:  8    God:    Trog [*****.]
Gold:   371        SH:  0    Dex: 14    Spells: 10/10 levels left

rFire   + . .        o - +3 glaive
rCold   . . .        (shield currently unavailable)
rNeg    . . .        D - +2 scale mail {rF+}
rPois   .            (no helmet)
rElec   .            i - +2 cloak
rCorr   +            g - +2 pair of gloves
SInv    .            (no boots)
Will    .....        c - amulet of regeneration
Stlth   +++          n - ring of resist corrosion
HPRegen 1.15/turn    (no ring)
MPRegen 0.12/turn

%: no passive effects
@: no status effects
A: (nimble swimmer 2), mertail
a: Renounce Religion, Berserk, Trog's Hand, Brothers in Arms


You were on level 10 of the Dungeon.
You worshipped Trog.
Trog was extremely pleased with you.
You visited 2 branches of the dungeon, and saw 11 of its levels.
You also visited: Ossuary and Bailey.

You collected 371 gold pieces.

Inventory:

Hand Weapons
 j - a +1 vampiric halberd
 m - a +0 trident
 o - a +3 glaive (weapon)
 C - a +5 dire flail of holy wrath
Armour
 g - a +2 pair of gloves (worn)
 h - an orb of mayhem
 i - a +2 cloak (worn)
 D - a +2 scale mail of fire resistance (worn)
Jewellery
 c - an amulet of regeneration (around neck)
 d - an amulet of reflection
 n - a ring of resist corrosion (left hand)
Wands
 a - a wand of mindburst (9)
Scrolls
 f - a scroll of identify
 k - a scroll of teleportation
 A - 2 scrolls of fear
Potions
 b - 2 potions of mutation {unknown}
 e - a potion of attraction {unknown}
 l - a potion of might {unknown}
 s - 2 potions of resistance {unknown}
 t - a potion of ambrosia {unknown}
 u - 2 potions of haste


   Skills:
 + Level 9.8 Fighting
 + Level 11.6 Polearms
 - Level 1.3 Armour
 + Level 11.2 Dodging
 + Level 10.0 Stealth


You had 10 spell levels left.
You didn't know any spells.
Your spell library was empty.

Dungeon Overview and Level Annotations

Branches:
Dungeon (11/15)            Temple (0/1) D:5            Lair (1/5) D:11
Ossuary (visited)          Bailey (visited)
    Orc: D:9-12

Altars:
Dithmenos
Elyvilon
Fedhas
Hepliaklqana
Kikubaaqudgha
Lugonu

Portals:
Abyss: D:6

Annotations:
D:4 1 runed translucent door, Zeo's ghost, amateur GrHu
D:10 Snorg


Innate Abilities, Weirdness & Mutations

((You are very nimble when in or above water. (Stealth+, EV+, Speed+++)))
Your lower body shifts to a powerful aquatic tail in water.


Message History

Something hits you. x2
Something hits you but does no damage. Something hits you.
You barely miss something. Something completely misses you.
Something barely misses you.
Found an escape hatch in the ceiling.
Something hits you but does no damage.
Snorg the Insatiable comes into view.
Something hits you but does no damage. Something hits you but does no damage.
Something hits you but does no damage.
An orc comes into view. It is wielding a +0 mace.
Snorg shouts!
The orc shouts!
You hear a shout!
Something hits you but does no damage. x2
An orc priest and an orc wizard come into view.
Found a whip.
Something hits you! Snorg bites you! Snorg claws you.
Snorg claws you but does no damage.
There is an escape hatch in the ceiling here.
Something hits you! Snorg bites you. Snorg claws you. x2
A mysterious force pulls you upwards. The hatch slams shut behind you.
Reactivating autopickup.
Found a dagger.
Found a stone staircase leading up.
You closely miss Snorg. Something hits you!
Deactivating autopickup; reactivate with Ctrl-A.
Snorg misses you. Snorg closely misses you. Snorg misses you.
You slice Snorg!!
Snorg is moderately wounded.
Something hits you! Snorg misses you. Snorg claws you but does no damage.
Snorg claws you!
* * * LOW HITPOINT WARNING * * *
You slash Snorg!
Snorg is moderately wounded.
Something hits you but does no damage.
Snorg goes berserk!
You slash Snorg!
Snorg is moderately wounded.
Snorg barely misses you. Snorg claws you but does no damage. Snorg claws you!
* * * LOW HITPOINT WARNING * * *
Snorg barely misses you. Snorg claws you but does no damage. Snorg claws you!
* * * LOW HITPOINT WARNING * * *
Something hits you.
You die...

#....
#....###+#####.
#..............
#..<...........
#..............
#............
#.......T.#
#...)..@..#
#.#+#.....#
#.....# #.....#
#.....# #.....#
#.....# #.....#


You could see Snorg (berserk).

Vanquished Creatures
  A two-headed ogre (D:11)
  An orc knight (Bailey)
  A cyclops (D:11)
  2 komodo dragons (D:11)
  Grinder (D:6)
  Prince Ribbit (D:6)
  2 wyverns
  A wraith (D:11)
  Edmund (D:5)
  5 water moccasins
  8 orc warriors
  An ogre (D:5)
  4 black bears
  4 centaurs
  4 phantoms
  A kobold brigand (D:7)
  4 bullfrogs (D:11)
  A gnoll sergeant (D:7)
  5 scorpions
  3 killer bees (D:7)
  A howler monkey (D:4)
  3 centaur zombies (Ossuary)
  2 human zombies (Ossuary)
  3 hounds
  An orc priest (D:5)
  A jelly (D:7)
  4 iguanas
  7 orc wizards
  2 sleepcaps (D:4)
  7 hound zombies (Ossuary)
  2 mummies (Ossuary)
  8 gnolls
  8 adders
  4 ufetubi
  2 adder zombies (Ossuary)
  3 dart slugs
  35 orcs
  8 endoplasms
  A giant cockroach (D:2)
  4 gnoll zombies (Ossuary)
  13 goblins
  9 hobgoblins
  5 jackals
  A quokka (D:2)
  8 ball pythons
  2 bats
  2 frilled lizards
  5 jackal zombies (Ossuary)
  13 kobolds
  7 kobold zombies (Ossuary)
  7 orc zombies (Ossuary)
  7 rats
236 creatures vanquished.

Vanquished Creatures (others)
  A lurking horror (D:6)
1 creature vanquished.

Grand Total: 237 creatures vanquished

Notes
Turn   | Place    | Note
-------+----------+-------------------------------------------
     0 | D:1      | NotreDorf the Merfolk Berserker began the quest for the
                  | Orb.
     0 | D:1      | Reached XP level 1. HP: 18/18 MP: 1/1
    64 | D:1      | Reached XP level 2. HP: 11/24 MP: 2/2
   155 | D:1      | Reached skill level 1 in Stealth
   683 | D:1      | Reached XP level 3. HP: 27/29 MP: 3/3
   941 | D:2      | Reached ** piety under Trog
  1165 | D:2      | Reached XP level 4. HP: 36/37 MP: 4/4
  1471 | D:2      | Reached skill level 5 in Polearms
  1625 | D:3      | Reached XP level 5. HP: 40/42 MP: 5/5
  1637 | D:3      | Found a faded altar of an unknown god.
  2471 | D:4      | Found a sand-covered staircase.
  2479 | Ossuary  | Entered an ossuary
  2547 | Ossuary  | Reached XP level 6. HP: 36/49 MP: 6/6
  2606 | Ossuary  | Reached *** piety under Trog
  2698 | Ossuary  | Reached skill level 5 in Dodging
  2872 | Ossuary  | Reached skill level 5 in Fighting
  2872 | Ossuary  | Reached XP level 7. HP: 53/56 MP: 7/7
  3275 | D:4      | Found a blossoming altar of Fedhas.
  3307 | D:4      | Reached **** piety under Trog
  3334 | D:4      | Found a runed translucent door.
  3340 | D:4      | Noticed Zeo's ghost (amateur GrHu)
  3882 | D:5      | Entered Level 5 of the Dungeon
  4314 | D:5      | Found a staircase to the Ecumenical Temple.
  4316 | D:5      | Reached skill level 5 in Stealth
  4316 | D:5      | Reached XP level 8. HP: 52/64 MP: 8/8
  4965 | D:5      | Noticed Edmund
  4982 | D:5      | Killed Edmund
  5760 | D:6      | Noticed Prince Ribbit
  5802 | D:6      | Killed Prince Ribbit
  5803 | D:6      | Reached XP level 9. HP: 61/71 MP: 9/9
  5938 | D:6      | Found a hazy altar of Hepliaklqana.
  5945 | D:6      | Found a white marble altar of Elyvilon.
  5948 | D:6      | Found an ancient bone altar of Kikubaaqudgha.
  6028 | D:6      | Found a corrupted altar of Lugonu.
  6028 | D:6      | Found a one-way gate to the infinite horrors of the Abyss.
  6028 | D:6      | Noticed Grinder
  6028 | D:6      | Paralysed by Grinder for 4 turns
  6040 | D:6      | Paralysed by Grinder for 5 turns
  6055 | D:6      | Killed Grinder
  6470 | D:7      | Reached ***** piety under Trog
  6746 | D:7      | Found a shadowy altar of Dithmenos.
  6829 | D:7      | Found a flagged portal.
  6843 | Bailey   | Entered a bailey
  7016 | Bailey   | Reached XP level 10. HP: 62/80 MP: 10/10
  7051 | Bailey   | Identified the staff of the Equinox {rF+ Str-5 Int+3 Stlth+
                  | Fire}
  7052 | Bailey   | Noticed an orc knight
  7076 | Bailey   | Killed an orc knight
  7077 | Bailey   | Reached skill level 10 in Polearms
  7348 | D:7      | Reached skill level 10 in Dodging
  7714 | D:8      | You fall into a shaft and drop 3 floors!
  7719 | D:11     | Noticed a two-headed ogre
  7730 | D:11     | Killed a two-headed ogre
  7761 | D:11     | Noticed a cyclops
  7785 | D:11     | Killed a cyclops
  7786 | D:11     | Reached XP level 11. HP: 22/90 MP: 11/11
  7837 | D:11     | Found a staircase to the Lair.
  7845 | D:11     | Reached skill level 10 in Stealth
  7864 | Lair:1   | Entered Level 1 of the Lair of Beasts
  7923 | D:11     | Noticed Snorg
  7930 | D:10     | Entered Level 10 of the Dungeon
  7934 | D:10     | HP: 2/90 [Snorg (9)]
  7934 | D:10     | Slain by an unseen horror

Illustrated notes

Levels and vault maps discovered:
D:1:      elethiomel_arrival_infinity_welcomes_careful_drivers, layout_rooms,
          corexii_corridor_pit
D:2:      layout_basic
D:3:      layout_loops_corners, dreamdust_ecumenical_altar_statues, minivault_11
D:4:      layout_basic, fedhas_ov_isle_minmay, ebering_ghost_sewer_d,
          nicolae_ossuary_entry_plus
D:5:      layout_basic, minmay_temple_entry_stoned_glass,
          kennysheep_opposing_triangles, uniq_edmund
D:6:      layout_basic, minitemple, amcnicky_altar_lugonu_corruption,
          uniq_grinder, uniq_prince_ribbit1
D:7:      layout_loops_ring, mainiacjoe_overflow_24_doors, enter_bailey_4,
          kb_lookout_dungeons_type, st_stairs_9
D:8:      layout_basic, lemuel_blue_sif_altar, bloody_makhleb
D:10:     layout_gridville
D:11:     layout_gridville, due_lair_maze_entry_diamond, lemuel_nasty_fountain,
          uniq_snorg
Lair:1:   layout_loops_ring, gammafunk_ghost_hydra_chop,
          chequers_serial_rivers_room_a

Skill      XL: |  1  2  3  4  5  6  7  8  9 10 11 |
---------------+----------------------------------+-----
Dodging        | 3 4 5 6 7 9 11 | 11.2
Stealth        | 1 2 3 5 6 8 9 10 | 10.0
Fighting       | 4 5 6 8 9 |  9.8
Polearms       | 5 6 7 8 9 11 | 11.6
Armour         | |  1.3

Action                     |  1- 3 |  4- 6 |  7- 9 | 10-12 || total
---------------------------+-------+-------+-------+-------++-------
  Melee: Spear             |   113 |    49 |       |       ||   162
         Halberd           |       |   184 |   461 |    27 ||   672
         Tailslap          |       |       |     6 |       ||     6
         Glaive            |       |       |       |   125 ||   125
 Invoke: Berserk           |       |       |       |     2 ||     2
         Trog's Hand       |       |       |       |     2 ||     2
    Use: Potion            |       |       |     3 |     2 ||     5
         Scroll            |       |       |    14 |     4 ||    18
   Stab: Sleeping          |     4 |     8 |    15 |     2 ||    29
 Armour: Animal skin       |    42 |   137 |     2 |       ||   181
         Leather armour    |       |       |   190 |       ||   190
         Scale mail        |       |       |   184 |   203 ||   387
  Dodge: Dodged            |    41 |   231 |   436 |   172 ||   880
